Map: [TLMC19] Silverflame

Players

BlyOnFire (Bly) - Winner!

  • Race: Zerg Zerg
  • Spawn Location: 11:00

Strange

  • Race: Protoss Protoss
  • League: Grandmaster
  • Spawn Location: 5:00

VOD

Have the link to the VOD?

Description

Time

  • Played on: Dec. 19, 2023, 6:20 a.m.
  • Length: 13:38
Show
View Real Time Build Order
Export as new Build Order

BlyOnFire Zerg - Winner!

Build Orders: Hatch First, Swarm Host 

Get SALT Encoding   

  12  0:00  Drone  
  13  0:12  Overlord  
  13  0:21  Drone  
  14  0:32  Drone x2  
  16  0:49  Hatchery  
  15  0:53  Drone  
  15  0:55  Drone  
  17  1:03  Drone  
  18  1:10  Extractor  
  17  1:16  Spawning Pool  
  17  1:18  Drone  
  17  1:22  Drone  
  18  1:27  Drone  
  19  1:38  Drone  
  20  1:49  Overlord  
  20  2:03  Queen, Zergling x4  
  20  2:04  Queen  
  26  2:13  Drone x2  
  26  2:14  Metabolic Boost  
  28  2:25  Drone  
  29  2:31  Zergling x2  
  30  2:39  Drone  
  30  2:40  Overlord  
  30  2:42  Queen  
  33  2:48  Drone x2  
  35  3:04  Drone x2  
  35  3:14  Zergling x16  
  42  3:20  Lair  
  41  3:32  Drone x4  
  43  3:39  Spore Crawler  
  41  3:43  Drone x2  
  43  3:51  Drone  
  43  3:52  Overlord x2  
  43  3:54  Extractor  
  43  3:55  Queen  
  43  3:56  Extractor  
  43  4:07  Overlord  
  42  4:13  Drone x5  
  47  4:21  Drone x4  
  49  4:36  Nydus Network  
  48  4:45  Infestation Pit  
  47  4:47  Spore Crawler  
  47  4:50  Drone x3  
  49  5:02  Zergling x2  
  49  5:03  Zergling x8  
  53  5:09  Hatchery  
  52  5:18  Overlord x2  
  52  5:28  Swarm Host x2  
  58  5:41  Nydus Canal  
  58  5:46  Swarm Host x5  
  67  5:58  Swarm Host  
  67  5:59  Overlord  
  70  6:04  Nydus Canal  
  70  6:08  Overlord x2  
  69  6:20  Nydus Canal  
  69  6:47  Nydus Canal, Swarm Host  
  69  6:48  Swarm Host  
  69  6:49  Drone x15  
  90  6:55  Roach Warren  
  89  7:17  Zergling x18  
  89  7:18  Overlord  
  89  7:19  Overlord  
  98  7:37  Extractor  
  98  7:38  Extractor  
  98  7:39  Glial Reconstitution  
  96  7:49  Hatchery  
  93  7:51  Hatchery  
  91  8:13  Drone x6, Overlord  
  91  8:17  Spire, Roach  
  91  8:18  Roach x5  
  108  8:26  Overlord x2  
  108  8:35  Nydus Canal  
  108  8:42  Overlord  
  108  8:47  Drone x5  
  109  9:04  Roach x11  
  109  9:05  Hatchery  
  130  9:10  Drone x2  
  130  9:15  Evolution Chamber  
  131  9:24  Overlord x2  
  131  9:41  Roach x11  
  151  9:48  Zerg Missile Weapons Level 1  
  151  9:55  Overlord  
  151  10:12  Extractor  
  151  10:13  Mutalisk x10  
  170  10:15  Zergling x12  
  170  10:18  Overlord x2  
  170  10:19  Nydus Canal  
  176  10:22  Overlord  
  176  10:26  Overlord  
  176  10:27  Overlord  
  173  10:53  Mutalisk x5  
  173  10:54  Zergling x20  
  187  11:12  Zergling x24  
  181  11:21  Mutalisk x4  
  181  11:37  Extractor  
  180  11:43  Nydus Canal  
  171  12:21  Mutalisk x8  
  173  12:43  Extractor  
  172  12:52  Hatchery  
  171  13:03  Mutalisk x7  
  185  13:11  Baneling Nest  
Show
View Real Time Build Order
Export as new Build Order

Strange Protoss 

Build Orders: 1 Gate Expand, Oracle Opening 

Get SALT Encoding   

  12  0:00  Probe  
  13  0:12  Probe  
  14  0:18  Pylon  
  14  0:24  Probe (Chrono Boost)  
  15  0:37  Probe (Chrono Boost)  
  15  0:40  Gateway  
  16  0:45  Probe (Chrono Boost)  
  16  0:48  Assimilator  
  17  0:51  Probe  
  18  1:03  Probe  
  19  1:15  Probe  
  20  1:27  Cybernetics Core  
  20  1:35  Nexus  
  20  1:42  Pylon  
  20  1:47  Probe  
  21  1:55  Assimilator  
  21  2:00  Adept (Chrono Boost), Probe  
  24  2:12  Probe  
  25  2:20  Adept (Chrono Boost)  
  25  2:24  Probe  
  25  2:29  Stargate  
  28  2:36  Probe  
  28  2:37  Warp Gate  
  29  2:43  Adept  
  31  2:48  Probe x2  
  33  3:00  Probe x2  
  35  3:12  Probe  
  35  3:13  Probe  
  36  3:21  Oracle (Chrono Boost)  
  36  3:24  Probe  
  36  3:25  Probe  
  40  3:36  Probe  
  40  3:37  Probe  
  38  3:43  Assimilator  
  38  3:44  Pylon  
  38  3:48  Probe  
  38  3:52  Gateway  
  38  3:54  Void Ray (Chrono Boost)  
  38  3:55  Probe  
  44  4:08  Probe  
  44  4:09  Pylon  
  45  4:13  Pylon  
  44  4:17  Robotics Facility, Probe  
  44  4:20  Forge  
  44  4:24  Adept  
  44  4:29  Probe  
  47  4:33  Shield Battery  
  47  4:39  Pylon  
  47  4:46  Adept  
  47  4:47  Adept  
  47  4:51  Protoss Ground Weapons Level 1 (Chrono Boost)  
  51  5:05  Immortal  
  54  5:23  Probe  
  55  5:28  Nexus  
  55  5:30  Sentry x2, Twilight Council  
  55  5:32  Pylon  
  59  5:41  Probe x2  
  58  5:50  Immortal (Chrono Boost)  
  58  5:54  Robotics Bay  
  60  6:00  Shield Battery, Photon Cannon  
  60  6:02  Pylon  
  60  6:07  Shield Battery  
  60  6:12  Photon Cannon  
  60  6:13  Blink  
  60  6:14  Probe  
  61  6:22  Stalker, Adept  
  61  6:44  Colossus (Chrono Boost)  
  61  6:46  Probe x2  
  62  6:50  Probe  
  69  6:57  Adept x2  
  69  6:58  Probe x2  
  75  7:02  Probe  
  76  7:10  Probe  
  76  7:11  Probe  
  76  7:12  Protoss Ground Weapons Level 2 (Chrono Boost)  
  76  7:14  Probe  
  79  7:19  Adept  
  79  7:20  Adept  
  83  7:24  Probe  
  83  7:27  Probe  
  80  7:30  Probe  
  80  7:36  Probe  
  81  7:39  Probe, Colossus (Chrono Boost)  
  81  7:42  Probe  
  89  7:47  Pylon  
  89  7:48  Probe  
  91  7:51  Probe  
  91  7:54  Probe  
  91  7:56  Stalker x2  
  86  8:05  Pylon  
  86  8:08  Probe  
  86  8:10  Probe  
  86  8:11  Probe  
  89  8:20  Probe  
  89  8:22  Probe  
  89  8:23  Stalker x2  
  89  8:24  Probe  
  97  8:27  Assimilator  
  97  8:28  Observer  
  97  8:29  Pylon  
  97  8:30  Assimilator  
  97  8:33  Photon Cannon  
  97  8:36  Shield Battery  
  97  8:37  Photon Cannon  
  98  8:41  Probe  
  98  8:42  Probe  
  98  8:44  Charge  
  99  8:53  Stalker x2  
  103  9:00  Probe  
  98  9:09  Probe x2  
  96  9:22  Stalker  
  96  9:23  Stalker, Colossus  
  106  9:30  Gateway  
  106  9:31  Gateway  
  106  9:32  Probe  
  106  9:33  Probe  
  110  9:45  Probe x2  
  110  9:47  Stalker x2  
  114  9:56  Probe  
  113  10:02  Probe  
  113  10:09  Gateway  
  113  10:11  Protoss Ground Weapons Level 3 (Chrono Boost)  
  113  10:12  Gateway  
  113  10:13  Pylon  
  113  10:14  Gateway  
  113  10:19  Stalker x2  
  117  10:32  Photon Cannon  
  117  10:36  Zealot x2  
  117  10:40  Photon Cannon  
  117  10:42  Probe  
  119  10:57  Stalker x4  
  119  11:00  Probe x2  
  128  11:05  Probe  
  128  11:06  Colossus  
  127  11:12  Probe x2  
  127  11:18  Probe  
  126  11:21  Pylon  
  126  11:23  Shield Battery  
  126  11:24  Probe  
  126  11:25  Probe  
  128  11:38  Stalker x3  
  130  11:44  Dark Shrine  
  130  11:46  Stalker  
  128  11:53  Stalker  
  130  12:01  Stalker  
  110  12:21  Sentry x2  
  110  12:22  Sentry x3  
  97  12:39  Stalker x2  
  101  12:45  Stalker  
  103  12:52  Stalker  
  105  13:04  Dark Templar  
  105  13:05  Dark Templar  
  109  13:15  Pylon  
Tags
 
Add a new tag
Caveats
  • Supply blocks, unpowered buildings, or Contaminate may cause inaccurate times.
  • Supply counts are checked every 10 seconds.